AoeStats
← HR Pinkman

African Clearing

506744660Analyzed
4v4 RM · 17d ago on Sep 14, 2026· 41m 55s· 8 players
Game mode
Random Map
Map size
Large (8 player)
Population
200
Speed
Normal
Resources
Standard
Victory
Conquest
Starting age
Dark Age
Ending age
Imperial Age
RankedLock teamsTeams togetherTeam positionsShared explorationLock speedFull tech treeHidden civsTurbo modeCheats
Victory
Defeat
🇨🇱 Persians · Chile
1793
+12
🇨🇱 Ethiopians · Chile
1742
+14
🇧🇷 Koreans · Brazil
1724
+15
🇫🇷 Khmer · France
1699
+16
🇧🇷 Mongols · Brazil
1775
-17
🇨🇦 Georgians · Canada
1688
-14
🇧🇷 Persians · Brazil
1675
-13
🇧🇷 Chinese · Brazil
1674
-13
=)Svanhilde
12:09 Feudal Age
15:06 Castle Age
13:22 Double-Bit Axe
16:12 Bow Saw
16:38 Horse Collar
20:10 Loom
28:03 Heavy Plow
30:02 Wheelbarrow
31:20 Gold Mining
31:21 Stone Mining
32:04 Hand Cart
34:23 Imperial Age
32:13 Hand Cart
32:22 Bloodlines
32:12 Husbandry
32:38 Scale Barding Armor
33:12 Forging
33:46 Chain Barding Armor
34:38 Gold Shaft Mining
35:21 Iron Casting
35:37 Tusk Swords
36:15 Plate Barding Armor
35:03 Light Cavalry
35:44 Elite Battle Elephant
36:51 Conscription
37:52 Stone Shaft Mining
38:59 Blast Furnace
41:03 Crop Rotation
41:08 Fletching
41:45 Bodkin Arrow
42:17 Ballistics
HR Pinkman
9:03 Loom
11:27 Feudal Age
12:00 Double-Bit Axe
13:22 Horse Collar
21:30 Castle Age
28:13 Wheelbarrow
29:38 Bow Saw
31:42 Hand Cart
35:34 Imperial Age
33:07 Town Watch
33:25 Gold Mining
33:40 Heavy Plow
34:12 Scale Barding Armor
34:22 Bloodlines
34:13 Husbandry
35:17 Chain Barding Armor
35:08 Forging
35:13 Cavalier
36:15 Conscription
38:27 Plate Barding Armor
38:27 Iron Casting
39:36 Savar
40:43 Fletching
42:17 Masonry
neromelnick
11:55 Feudal Age
11:01 Loom
12:34 Double-Bit Axe
13:20 Fletching
21:30 Horse Collar
30:59 Castle Age
30:21 Gold Mining
32:13 Wheelbarrow
32:08 Bow Saw
31:58 Heavy Plow
38:17 Hand Cart
41:29 Imperial Age
39:52 Scale Mail Armor
40:03 Forging
39:56 Squires
40:49 Town Watch
41:21 Chain Mail Armor
41:49 Ballistics
41:34 Halberdier
Mr Diniz
6:49 Loom
14:16 Feudal Age
14:52 Town Watch
19:30 Castle Age
17:43 Double-Bit Axe
18:25 Fletching
20:10 Bodkin Arrow
21:31 Elite Skirmisher
29:48 Scale Mail Armor
37:08 Horse Collar
37:58 Bow Saw
42:06 Wheelbarrow
Fs.BlinkAoE
9:17 Loom
12:01 Feudal Age
12:34 Double-Bit Axe
14:23 Scale Barding Armor
14:31 Forging
15:54 Scale Barding Armor
17:07 Horse Collar
17:42 Bloodlines
23:35 Castle Age
23:02 Gold Mining
23:02 Stone Mining
24:47 Wheelbarrow
24:19 Husbandry
24:40 Chain Barding Armor
24:26 Light Cavalry
30:37 Bow Saw
31:07 Hand Cart
30:38 Town Watch
37:01 Imperial Age
35:41 Stone Shaft Mining
35:55 Iron Casting
36:04 Fletching
38:20 Plate Barding Armor
38:59 Blast Furnace
38:42 Ballistics
38:10 Elite Monaspa
39:17 Guard Tower
40:42 Svan Towers
Fs.Kawan
3:48 Loom
13:08 Feudal Age
16:42 Castle Age
15:12 Fletching
15:33 Double-Bit Axe
17:20 Bodkin Arrow
24:45 Horse Collar
25:46 Bow Saw
26:54 Wheelbarrow
31:27 Imperial Age
29:27 Hand Cart
32:09 Scale Barding Armor
32:09 Cavalier
33:19 Chain Barding Armor
34:24 Bloodlines
34:49 Plate Barding Armor
34:43 Husbandry
34:56 Forging
35:36 Pikeman
36:16 Squires
36:18 Scale Mail Armor
38:42 Iron Casting
38:22 Chain Mail Armor
38:18 Halberdier
Fs.Diablo
3:48 Loom
13:41 Feudal Age
15:16 Fletching
15:27 Padded Archer Armor
17:06 Wheelbarrow
17:41 Double-Bit Axe
26:39 Gold Mining
31:24 Castle Age
Fs.Nx Imperial
6:42 Loom
23:18 Feudal Age
26:50 Castle Age
25:54 Double-Bit Axe
28:42 Bow Saw
37:17 Forging
37:18 Bloodlines
40:39 Iron Casting
40:55 Wheelbarrow
40:49 Scale Barding Armor
Connection lost

Rejoining the realm…

Still unreachable

The connection could not be restored.

Session expired

The server has moved on; the page needs a fresh start.